 Dungeon Crawl Stone Soup version 0.22.0-27-ga576289 (webtiles) character file.

378 tsouns the Poker (level 6, 0/49 HPs)
             Began as a Merfolk Wanderer on Aug 22, 2018.
             Was a Follower of Vehumet.
             Slain by an ice beast (13 damage)
             ... on level 4 of the Dungeon.
             The game lasted 00:09:19 (3756 turns).

tsouns the Poker (Merfolk Wanderer)                 Turns: 3756, Time: 00:09:20

Health: 0/49       AC:  5    Str: 13    XL:     6   Next: 74%
Magic:  6/6        EV: 17    Int: 16    God:    Vehumet [*.....]
Gold:   134        SH:  0    Dex: 15    Spells: 4/5 levels left

rFire    . . .     SeeInvis .   c - +0 trident
rCold    . . .     Gourm    .   (no shield)
rNeg     . . .     Faith    .   d - +0 robe
rPois    +         Spirit   .   (no helmet)
rElec    .         Reflect  .   s - +2 cloak {rPois}
rCorr    .         Harm     .   (no gloves)
MR       .....                  (no boots)
Stlth    +++.......             (no amulet)
HPRegen  0.16/turn              (no ring)
MPRegen  0.10/turn              (no ring)

@: agile
A: change form in water, swift swim, stealthy swim
a: Renounce Religion


You were on level 4 of the Dungeon.
You worshipped Vehumet.
Vehumet was aware of your devotion.
You were not hungry.

You visited 1 branch of the dungeon, and saw 4 of its levels.

You collected 134 gold pieces.

Inventory:

Hand Weapons
 a - a +2 dagger
 c - a +0 trident (weapon)
 k - a +1 spear
Missiles
 i - 64 stones (quivered)
Armour
 d - a +0 robe (worn)
 s - a +2 cloak of poison resistance (worn)
Scrolls
 l - 2 scrolls of remove curse
 o - a scroll of teleportation
 p - a scroll of fear
Potions
 g - 2 potions of ambrosia
 h - a potion of brilliance
 j - a potion of berserk rage {unknown}
 v - 2 potions of haste {unknown}
Comestibles
 f - 3 rations
 u - 4 chunks of flesh


   Skills:
 + Level 4.4 Fighting
   Level 2.1 Long Blades
 * Level 7.4 Polearms
 - Level 1.0 Throwing
 - Level 1.3 Dodging
 - Level 1.1 Stealth
   Level 1.0 Shields
 - Level 3.2 Unarmed Combat


You had 4 spell levels left.
You knew the following spells:

 Your Spells              Type           Power        Failure   Level  Hunger
a - Sandblast             Erth           #.....       26%         1    ##.....
Your spell library was empty.

Dungeon Overview and Level Annotations

Branches:
Dungeon (4/15)
 Temple: D:4-7

Altars:
Vehumet


Message History

The ice beast hits you. The ice beast freezes you!
You hit the ice beast.
The ice beast is severely wounded.
The ice beast hits you. The ice beast freezes you!
* * * LOW HITPOINT WARNING * * *
You feel much better. The ice beast hits you. The ice beast freezes you!
You feel agile all of a sudden. The ice beast closely misses you.
You hit the ice beast but do no damage.
The ice beast is severely wounded.
The ice beast closely misses you.
You hit the ice beast but do no damage.
The ice beast is severely wounded.
The ice beast completely misses you.
You hit the ice beast.
The ice beast is severely wounded.
The ice beast hits you.
* * * LOW HITPOINT WARNING * * *
The ice beast freezes you!
You die...

# #......# ....### #
#5.#.#.######.....#
#..#.#.#......#.#.#
####.#.#.####.#...#
#####)#.....#..#.######
#.......#.#.#......Y..#
#.......+.#...#######.#
#.......#####.#.Y..>..#
#.......#.....#@#######
#########.....#.#
#.....#.# #.....#.#
#.....#.# #####.#####.#
.....# #.# ##########
#....#####.# #...†....#
#.......##.###.######.#


You could see an ice beast.

Vanquished Creatures
  An ogre (D:4)
  A scorpion (D:3)
  A hound (D:4)
  Crazy Yiuf (D:3)
  A bullfrog skeleton (D:4)
  2 orc wizards (D:3)
  Terence (D:3)
  2 adders (D:2)
  2 worms
  2 dart slugs
  2 leopard geckos
  4 orcs
  3 giant cockroaches
  8 goblins
  5 hobgoblins
  2 jackals (D:2)
  2 ball pythons
  2 bats (D:1)
  A frilled lizard (D:2)
  6 kobolds
  8 rats
57 creatures vanquished.

Notes
Turn   | Place    | Note
-------+----------+-------------------------------------------
     0 | D:1      | tsouns the Merfolk Wanderer began the quest for the Orb.
     0 | D:1      | tsouns set off with: a +2 dagger, a potion of heal wounds, 2 potions of lignification, a +0 robe, a ration
     0 | D:1      | Reached XP level 1. HP: 15/15 MP: 1/1
    92 | D:1      | Reached XP level 2. HP: 15/22 MP: 2/2
   796 | D:2      | Reached skill level 1 in Polearms
   852 | D:2      | Reached XP level 3. HP: 25/28 MP: 3/3
  1003 | D:2      | Reached skill level 2 in Polearms
  1802 | D:2      | Reached XP level 4. HP: 35/35 MP: 4/4
  1868 | D:2      | Reached skill level 3 in Polearms
  1996 | D:2      | Found a faded altar of an unknown god.
  1998 | D:2      | Became a worshipper of Vehumet
  1998 | D:2      | Reached * piety under Vehumet
  1998 | D:2      | Offered knowledge of Sandblast by Vehumet.
  2175 | D:2      | Learned a level 1 spell: Sandblast
  2493 | D:3      | Noticed Terence
  2523 | D:3      | Killed Terence
  2823 | D:3      | Reached skill level 4 in Polearms
  2823 | D:3      | Reached XP level 5. HP: 23/41 MP: 5/5
  2824 | D:3      | Reached skill level 5 in Polearms
  3069 | D:3      | Found a runed door.
  3073 | D:3      | Noticed Crazy Yiuf
  3074 | D:3      | Killed Crazy Yiuf
  3220 | D:3      | Reached skill level 6 in Polearms
  3220 | D:3      | Reached XP level 6. HP: 18/48 MP: 6/6
  3627 | D:4      | Reached skill level 7 in Polearms
  3698 | D:4      | Noticed an ice beast
  3756 | D:4      | Slain by an ice beast

Skill      XL: |  1  2  3  4  5  6 |
---------------+-------------------+-----
Fighting       | 2 3 4 |  4.4
Polearms       | 1 2 4 6 7 |  7.4
Long Blades    | |  2.1
Throwing       | |  1.0
Dodging        | |  1.3
Stealth        | |  1.1
Shields        | |  1.0
Unarmed Combat | |  3.2

Action                   |  1- 3 |  4- 6 || total
-------------------------+-------+-------++-------
Melee: Dagger            |    48 |       ||    48
       Spear             |    81 |   120 ||   201
       Punch             |     1 |     2 ||     3
       Trident           |       |    33 ||    33
Evoke: Wand              |       |     4 ||     4
  Use: Scroll            |     4 |     8 ||    12
       Potion            |       |     5 ||     5
 Stab: Sleeping          |     3 |     1 ||     4
  Eat: Chunk             |     3 |     6 ||     9
Armor: Robe              |    13 |    15 ||    28
       Skin              |       |    29 ||    29
Dodge: Dodged            |    62 |    35 ||    97
